 Dungeon Crawl Stone Soup version 0.22.0-6-g71bd7aa (webtiles) character file.

11948 Faca the Grappler (level 11, 0/113 HPs)
             Began as a Troll Fighter on Aug 15, 2018.
             Was an Elder of Trog.
             Slain by a wraith (6 damage)
             ... on level 10 of the Dungeon.
             The game lasted 00:27:37 (7624 turns).

Faca the Grappler (Troll Fighter)                   Turns: 7624, Time: 00:27:38

Health: 0/113      AC: 10    Str: 31    XL:     11   Next: 56%
Magic:  10/10      EV:  8    Int:  4    God:    Trog [****..]
Gold:   777        SH: 10    Dex:  9    Spells: 10/10 levels left

rFire    . . .     SeeInvis .     - Unarmed
rCold    . . .     Gourm    +   b - +0 shield
rNeg     . . .     Faith    .   B - +0 troll leather armour {Purgy}
rPois    +         Spirit   .   (helmet restricted)
rElec    .         Reflect  .   t - +2 cloak {MR+}
rCorr    .         Harm     .   (gloves unavailable)
MR       +....                  (boots unavailable)
Stlth    +.........             y - amulet of the acrobat
HPRegen  1.08/turn              u - ring of poison resistance
MPRegen  0.12/turn              G - +2 ring of strength

@: slowed, very slow
A: large, unfitting armour, claws 3, fast metabolism 3, gourmand, regeneration
1, shaggy fur 1, tough skin 2
a: Berserk, Trog's Hand, Brothers in Arms, Renounce Religion


You were on level 10 of the Dungeon.
You worshipped Trog.
Trog was greatly pleased with you.
You were completely stuffed.

You visited 1 branch of the dungeon, and saw 10 of its levels.
You also visited: Sewer.

You collected 777 gold pieces.

Inventory:

Hand Weapons
 a - the +8 hunting sling "Gainoytz" {venom, rN+}
   (You found it on level 9 of the Dungeon)

   It poisons the ammo it fires.
   It protects you from negative energy.
Missiles
 e - 25 tomahawks (quivered)
 K - a throwing net
Armour
 b - a +0 shield (worn)
 p - a +0 large shield
 r - a scarf of resistance
 t - a +2 cloak of magic resistance (worn)
 B - a +0 troll leather armour (worn) {Purgy}
Jewellery
 u - a ring of poison resistance (left claw)
 v - an uncursed ring of protection from fire
 y - an amulet of the acrobat (around neck)
 G - a +2 ring of strength (right claw)
Wands
 m - a wand of flame (17)
 q - a wand of disintegration (12)
 I - a wand of iceblast (8)
Scrolls
 f - 7 scrolls of remove curse
 g - a scroll of fog
 h - a scroll of immolation
 j - 8 scrolls of teleportation
 k - 2 scrolls of blinking {unknown}
 w - a scroll of vulnerability {unknown}
 z - a scroll of brand weapon
 C - a scroll of enchant weapon
 D - a scroll of random uselessness {unknown}
Potions
 c - 2 potions of might
 i - 2 potions of flight {unknown}
 l - 3 potions of heal wounds
 n - 7 potions of curing
 o - 2 potions of agility
 s - 2 potions of cancellation {unknown}
 x - 2 potions of ambrosia
 A - 2 potions of invisibility
 E - a potion of brilliance
 F - a potion of resistance {unknown}
 J - a potion of haste {unknown}
 L - a potion of berserk rage {unknown}
Comestibles
 d - 20 rations
 H - 9 chunks of flesh


   Skills:
 + Level 8.7 Fighting
 - Level 5.3 Throwing
 - Level 2.4 Dodging
 + Level 4.6 Shields
 * Level 13.4 Unarmed Combat


You had 10 spell levels left.
You didn't know any spells.
Your spell library was empty.

Dungeon Overview and Level Annotations

Branches:
Dungeon (10/15)            Temple (0/1) D:5             Orc (0/2) D:10
   Lair: D:8-11

Altars:
Ashenzari
Gozag
Nemelex Xobeh
Trog
Uskayaw
Wu Jian
Beogh

Shops:
D:7 =   D:10 %

Annotations:
D:7 3 runed doors, howech's ghost, novice FeIE
D:8 3 runed doors, rlgrobin's ghost, novice TrBe


Innate Abilities, Weirdness & Mutations

You are too large for most types of armour.
You have claws for hands.
Your metabolism is lightning-fast.
You like to eat raw meat.
Your natural rate of healing is unusually fast.
You are covered in fur. (AC +1)
You have very tough skin. (AC +2)


Message History

You block the wraith's attack. The komodo dragon bites you!
The orc closely misses you. You block the orc's attack. The wraith hits you!
* * * LOW HITPOINT WARNING * * *
The wraith drains your vigour!
You feel as though you will be slow longer.
The wraith completely misses you. You block the orc's attack.
The komodo dragon bites you!
* * * LOW HITPOINT WARNING * * *
Your two-headed ogre goes berserk!
You feel quite a bit less full. Trog will no longer gift you weapons.
The wraith hits you.
* * * LOW HITPOINT WARNING * * *
The wraith drains your vigour!
You feel as though you will be slow longer.
The orc hits you but does no damage. The orc closely misses you.
The komodo dragon bites you!
* * * LOW HITPOINT WARNING * * *
The wraith hits you.
You die...

#.......................
#.......................
#....).................#
#...########...........#
#.>.# +....)......# #...#
#...........# #...#
#.Oo........# #..##
#.Wl........#### #..#
#.@o............
#..###+#####...####'######
#..............#.........#
#..............#.........#
####.....#######.........#
#[....#...............#####
#.....#...................#
#.....####.................
#........#.................


You could see a komodo dragon, a wraith, 2 orcs and a friendly two-headed ogre
(berserk).

Vanquished Creatures
  Pikel (D:7)
  An ugly thing (D:8)
  The ghost of Rassilon the Basher, a novice GrFi (D:5)
  Maurice (D:8)
  2 centaur zombies (D:6)
  Joseph (D:10)
  3 trolls
  A queen bee (D:9)
  2 hippogriffs
  A hornet (D:8)
  Sigmund (D:2)
  A wyvern (D:10)
  11 yaks
  2 hungry ghosts
  5 orc warriors
  2 sky beasts (D:7)
  Purgy (Sewer)
  2 water moccasins
  A black bear (D:7)
  3 ice beasts
  A necrophage (D:10)
  3 phantoms
  2 slaves (D:7)
  8 ogres
  4 centaurs
  A crocodile (D:8)
  2 big kobolds (D:10)
  8 bullfrogs
  2 gnoll sergeants (D:10)
  15 killer bees
  A scorpion (D:8)
  12 wights
  A howler monkey (D:6)
  3 crimson imps
  5 orc priests
  2 centaur skeletons
  2 hounds
  2 jellies
  Crazy Yiuf (D:2)
  Terence (D:2)
  8 orc wizards
  3 iguanas
  7 worker ants
  2 worker ant zombies
  9 gnolls
  12 adders
  A shadow imp (D:8)
  An ooze (D:7)
  2 adder skeletons
  An adder zombie (D:8)
  2 worms
  5 dart slugs
  5 leopard geckos
  38 orcs
  11 bats
  4 giant cockroaches
  10 goblins
  8 hobgoblins
  11 jackals
  5 quokkas
  2 ball pythons (D:1)
  3 frilled lizards
  12 kobolds
  A leopard gecko skeleton (D:3)
  4 rats
286 creatures vanquished.

Vanquished Creatures (collateral kills)
  An orc warrior (D:10)
  A big kobold (D:10)
  A gnoll sergeant (D:10)
  2 gnolls (D:10)
5 creatures vanquished.

Grand Total: 291 creatures vanquished

Notes
Turn   | Place    | Note
-------+----------+-------------------------------------------
     0 | D:1      | Faca the Troll Fighter began the quest for the Orb.
     0 | D:1      | Reached XP level 1. HP: 22/22 MP: 0/0
   192 | D:1      | Reached XP level 2. HP: 29/29 MP: 1/1
   348 | D:1      | Reached skill level 3 in Unarmed Combat
   617 | D:1      | Reached XP level 3. HP: 36/36 MP: 2/2
  1018 | D:2      | Reached XP level 4. HP: 45/45 MP: 3/3
  1033 | D:2      | Reached skill level 4 in Unarmed Combat
  1045 | D:2      | Noticed Sigmund
  1056 | D:2      | Killed Sigmund
  1056 | D:2      | Reached skill level 5 in Unarmed Combat
  1056 | D:2      | Reached XP level 5. HP: 22/54 MP: 4/4
  1056 | D:2      | Reached XP level 6. HP: 25/62 MP: 5/5
  1125 | D:2      | Noticed Terence
  1132 | D:2      | Killed Terence
  1179 | D:2      | Found a runed door.
  1183 | D:2      | Noticed Crazy Yiuf
  1190 | D:2      | Killed Crazy Yiuf
  1528 | D:3      | Noticed a hungry ghost
  1561 | D:3      | Killed a hungry ghost
  1561 | D:3      | Reached skill level 6 in Unarmed Combat
  1561 | D:3      | Reached XP level 7. HP: 54/70 MP: 6/6
  1739 | D:3      | Found a sparkling altar of Nemelex Xobeh.
  2260 | D:4      | Found a glowing drain.
  2275 | Sewer    | Entered a sewer
  2330 | Sewer    | Noticed Purgy
  2341 | Sewer    | Killed Purgy
  2341 | Sewer    | Reached skill level 7 in Unarmed Combat
  2554 | D:5      | Entered Level 5 of the Dungeon
  2607 | D:5      | Got a brightly glowing jade ring
  2677 | D:5      | Identified the cursed ring of Eternity {+Inv rPois EV-5 Dex+2} (You found it on level 5 of the Dungeon)
  3010 | D:5      | Reached skill level 5 in Fighting
  3010 | D:5      | Reached XP level 8. HP: 73/80 MP: 7/7
  3087 | D:5      | Found a runed gate.
  3087 | D:5      | Found a runed gate.
  3087 | D:5      | Found an opulent altar of Gozag.
  3087 | D:5      | Found a runed gate.
  3088 | D:5      | Noticed Rassilon's ghost (novice GrFi)
  3101 | D:5      | Reached skill level 8 in Unarmed Combat
  3112 | D:5      | Killed Rassilon's ghost
  3187 | D:5      | Found a faded altar of an unknown god.
  3187 | D:5      | Found a staircase to the Ecumenical Temple.
  3206 | D:5      | Became a worshipper of Trog the Wrathful
  3206 | D:5      | Reached * piety under Trog
  3320 | D:6      | Reached skill level 9 in Unarmed Combat
  3331 | D:6      | Reached skill level 1 in Throwing
  3484 | D:6      | Reached XP level 9. HP: 89/89 MP: 8/8
  3628 | D:6      | Reached ** piety under Trog
  3636 | D:6      | Reached skill level 10 in Unarmed Combat
  4168 | D:7      | Found Jajalois's Jewellery Boutique.
  4230 | D:7      | Found an ornate altar of the Wu Jian Council.
  4434 | D:7      | Noticed howech's ghost (novice FeIE)
  4435 | D:7      | Found a runed gate.
  4592 | D:7      | Reached skill level 11 in Unarmed Combat
  4647 | D:7      | Found a runed gate.
  4647 | D:7      | Found a runed gate.
  4797 | D:7      | Noticed Pikel
  4835 | D:7      | Killed Pikel
  4835 | D:7      | Reached XP level 10. HP: 102/102 MP: 9/9
  4913 | D:7      | Found a roughly hewn altar of Beogh.
  4949 | D:8      | Found a runed gate.
  4949 | D:8      | Found a runed gate.
  4949 | D:8      | Found a runed gate.
  4949 | D:8      | Noticed a white ugly thing
  4958 | D:8      | Killed a white ugly thing
  5086 | D:8      | Noticed Maurice
  5122 | D:8      | Killed Maurice
  5122 | D:8      | Reached skill level 5 in Throwing
  5210 | D:8      | Reached skill level 12 in Unarmed Combat
  5257 | D:8      | Reached *** piety under Trog
  5663 | D:8      | Found a shattered altar of Ashenzari.
  5663 | D:8      | Found a hide-covered altar of Uskayaw.
  5706 | D:8      | Noticed rlgrobin's ghost (novice TrBe)
  5840 | D:8      | Reached **** piety under Trog
  6356 | D:9      | Reached XP level 11. HP: 77/111 MP: 10/10
  6598 | D:9      | Found an opulent altar of Gozag.
  6821 | D:9      | Got a brightly glowing hunting sling
  6822 | D:9      | Identified the +8 hunting sling "Gainoytz" {venom, rN+} (You found it on level 9 of the Dungeon)
  6959 | D:10     | Entered Level 10 of the Dungeon
  7052 | D:10     | Noticed Joseph
  7070 | D:10     | Killed Joseph
  7070 | D:10     | Reached skill level 13 in Unarmed Combat
  7272 | D:10     | Found a staircase to the Orcish Mines.
  7296 | D:10     | Reached ***** piety under Trog
  7445 | D:10     | Found Wagomi's Food Boutique.
  7624 | D:10     | Slain by a wraith

Skill      XL: |  1  2  3  4  5  6  7  8  9 10 11 |
---------------+----------------------------------+-----
Unarmed Combat | 3 5 6 7 9 11 12 13 | 13.4
Fighting       | 3 4 5 6 7 8 |  8.7
Throwing       | 2 4 5 |  5.3
Shields        | 3 4 |  4.6
Dodging        | |  2.4

Action                   |  1- 3 |  4- 6 |  7- 9 | 10-12 || total
-------------------------+-------+-------+-------+-------++-------
Melee: Unarmed           |   101 |    83 |   333 |   446 ||   963
Invok: Brothers in Arms  |       |       |       |     2 ||     2
  Use: Scroll            |       |     2 |    17 |     1 ||    20
       Potion            |       |       |     1 |       ||     1
  Eat: Chunk             |    15 |     5 |    44 |    27 ||    91
Armor: Robe              |    47 |    19 |    36 |       ||   102
       Troll leather arm |       |       |    63 |   101 ||   164
Dodge: Dodged            |    40 |    25 |    93 |   122 ||   280
Block: Shield            |    52 |    31 |   136 |   170 ||   389
